AoeStats
← _LV_猜单车Yo

Arabia

510469621Analyzed
1v1 RM · 16h ago on Oct 1, 2026· 48m 48s· 2 players
Game mode
Random Map
Map size
Tiny (2 player)
Population
200
Speed
Normal
Resources
Standard
Victory
Conquest
Starting age
Dark Age
Ending age
Imperial Age
RankedLock teamsTeams togetherTeam positionsShared explorationLock speedFull tech treeHidden civsTurbo modeCheats
Victory
Defeat
🇨🇳 Franks · China
987
+15
🇺🇸 Bengalis · United States
972
-15
jacobjazzcat1
7:09 Loom
9:27 Feudal Age
10:16 Double-Bit Axe
10:15 Horse Collar
19:31 Castle Age
17:54 Fletching
18:38 Gold Mining
19:28 Padded Archer Armor
20:01 Scale Mail Armor
21:02 Bow Saw
22:59 Bodkin Arrow
26:40 Pikeman
30:50 Heavy Plow
32:47 Bloodlines
37:53 Imperial Age
35:09 Light Cavalry
35:55 Husbandry
36:59 Leather Archer Armor
36:59 Squires
38:02 Gold Shaft Mining
37:18 Stone Mining
39:09 Wheelbarrow
38:20 Town Watch
39:24 Elite Elephant Archer
40:04 Light Cavalry
41:04 Man-at-Arms
41:31 Arson
42:08 Hand Cart
43:18 Onager
46:13 Conscription
46:58 Scale Barding Armor
_LV_猜单车Yo
10:03 Feudal Age
9:05 Loom
11:19 Double-Bit Axe
18:58 Castle Age
17:17 Gold Mining
18:36 Forging
19:25 Scale Barding Armor
19:52 Bow Saw
19:52 Husbandry
22:15 Chain Barding Armor
25:06 Fletching
29:20 Wheelbarrow
34:17 Imperial Age
32:29 Iron Casting
35:34 Conscription
36:18 Chemistry
35:58 Bodkin Arrow
35:44 Cavalier
36:51 Hand Cart
40:14 Paladin
42:08 Blast Furnace
40:42 Elite Skirmisher
43:58 Plate Barding Armor
44:52 Padded Archer Armor
45:57 Murder Holes
46:42 Hoardings
Connection lost

Rejoining the realm…

Still unreachable

The connection could not be restored.

Session expired

The server has moved on; the page needs a fresh start.